 Dungeon Crawl Stone Soup version 0.22-a0-877-g5c4e1af (webtiles) character file.

3852 prawnwizard the Carver (level 9, -5/72 HPs)
             Began as a Demonspawn Gladiator on July 29, 2018.
             Was an Initiate of Ru.
             Slain by a troll (13 damage)
             ... on level 9 of the Dungeon.
             The game lasted 00:08:43 (7421 turns).

prawnwizard the Carver (Demonspawn Gladiator)       Turns: 7421, Time: 00:08:44

Health: -5/72      AC:  8    Str: 18    XL:     9   Next: 99%
Magic:  9/9        EV: 15    Int:  9    God:    Ru [......]
Gold:   437        SH:  0    Dex: 15    Spells: 8/8 levels left

rFire    . . .     SeeInvis .   v - +1 falchion (vamp)
rCold    . . .     Gourm    .   (no shield)
rNeg     . . .     Faith    .   k - +0 ring mail
rPois    .         Spirit   .   h - +2 hat
rElec    .         Reflect  .   (no cloak)
rCorr    .         Harm     .   J - +0 pair of gloves
MR       .....                  (no boots)
Stlth    +++.......             (no amulet)
HPRegen  0.22/turn              A - ring of stealth
MPRegen  0.11/turn              (no ring)

@: lethally poisoned (-5 -> -19)
A: horns 1, nightstalker 1, spiny 2
a: Renounce Religion


You were on level 9 of the Dungeon.
You worshipped Ru.
Ru was noncommittal.
You were not hungry.

You visited 2 branches of the dungeon, and saw 10 of its levels.

You collected 437 gold pieces.

Inventory:

Hand Weapons
 p - a +0 falchion
 v - a +1 vampiric falchion (weapon)
Missiles
 d - 4 throwing nets (quivered)
Armour
 b - a +0 leather armour
 h - a +2 hat (worn)
 k - a +0 ring mail (worn)
 J - a +0 pair of gloves (worn)
Jewellery
 A - a ring of stealth (left hand)
Wands
 y - a wand of polymorph (15)
 E - a wand of paralysis (11)
 F - a wand of disintegration (14)
 I - a wand of digging (16)
Scrolls
 e - 2 scrolls of identify
 g - a scroll of remove curse
 m - a scroll of fog {unknown}
 o - a scroll of amnesia {unknown}
 s - 3 scrolls of teleportation {unknown}
 w - a scroll of enchant weapon {unknown}
 z - 3 scrolls of magic mapping {unknown}
 B - a scroll of silence {unknown}
 D - a scroll of fear {unknown}
 G - a scroll of blinking {unknown}
 H - a scroll of summoning {unknown}
Potions
 a - 2 potions of resistance
 c - a potion of mutation {unknown}
 i - 3 potions of degeneration {unknown}
 j - 2 potions of curing {unknown}
 l - 2 potions of flight {unknown}
 n - 3 potions of lignification {unknown}
 q - a potion of berserk rage {unknown}
 r - 2 potions of might {unknown}
 t - 2 potions of invisibility {unknown}
 u - a potion of agility {unknown}
 x - a potion of heal wounds {unknown}
 C - 2 potions of cancellation {unknown}
Comestibles
 f - 12 rations


   Skills:
 + Level 7.4 Fighting
 * Level 9.7 Long Blades
 - Level 1.7 Throwing
 + Level 7.1 Dodging


You had 8 spell levels left.
You didn't know any spells.
Your spell library contained the following spells:

 Spells                   Type           Power        Failure   Level  Hunger
 Magic Dart               Conj           #...         58%         1    ##.....
 Iskenderun's Mystic Bla  Conj           #.......     100%        4    #####..
 Fulminant Prism          Conj/Hex       #.........   100%        4    #####..
 Dazzling Spray           Conj/Hex       #.....       91%         3    ####...
 Force Lance              Conj/Tloc      #.......     100%        4    #####..
 Searing Ray              Conj           #.....       73%         2    ###....


Dungeon Overview and Level Annotations

Branches:
Dungeon (9/15)             Temple (1/1) D:7
   Lair: D:8-11         Orc: D:9-12

Altars:
Ashenzari
Cheibriados
Dithmenos
Elyvilon
Fedhas
Gozag
Hepliaklqana
Kikubaaqudgha
Makhleb
Nemelex Xobeh
Okawaru
Qazlal
Ru
Sif Muna
Trog
Uskayaw
Vehumet
Wu Jian
Xom
Yredelemnul
Zin
The Shining One

Annotations:
D:5 3 runed doors, KappaVara's ghost, novice TeFi
D:8 exclusion: ice statue


Innate Abilities, Weirdness & Mutations

You have a pair of small horns on your head.
You are slightly more attuned to the shadows.
You are mostly covered in sharp spines.


Message History

The killer bee is struck by your spines.
The killer bee stings you but does no damage.
The killer bee is struck by your spines.
The killer bee misses you. The troll is struck by your spines.
The troll closely misses you. The troll misses you.
The troll claws you but does no damage.
You barely miss the troll.
The troll is heavily wounded.
You feel sick. The killer bee stings you.
* * * LOW HITPOINT WARNING * * *
You are more poisoned.
The killer bee poisons you!
Unknown command.
You hit the troll.
You feel better.
You headbutt the troll.
The troll is severely wounded.
* * * LOW HITPOINT WARNING * * *
You feel sick.
The killer bee stings you but does no damage.
The troll is struck by your spines. The troll bites you!
You die...

#.# #.# ##.#######
##### #........#
....# #..#####.#
###.###..#####.#
............##.###
###.###...#....T.#
....# .....###.#@#
#######...## #.#y#
#........†yy.y#
##.###.###.#...#
.# #. #.#.##%# #
#.# # % ### #.#
..# #.# #.#


You could see a queen bee, a troll and 2 killer bees.

Vanquished Creatures
  A two-headed ogre (D:8)
  A hippogriff (D:8)
  A wyvern (D:8)
  3 ice beasts
  2 phantoms
  3 sky beasts
  2 ogres
  5 bullfrogs
  16 killer bees
  A howler monkey (D:4)
  A crimson imp (D:8)
  A bullfrog zombie (D:5)
  2 jellies
  5 orc priests
  A hound (D:6)
  A bullfrog skeleton (D:5)
  Terence (D:2)
  5 worker ants
  An iguana (D:5)
  4 orc wizards
  2 hound zombies
  A worker ant zombie (D:8)
  7 gnolls
  11 adders
  A shadow imp (D:5)
  2 adder skeletons
  3 worms
  A dart slug (D:1)
  2 leopard geckos
  22 orcs
  4 bats
  2 giant cockroaches
  6 goblins
  5 hobgoblins
  10 jackals
  3 kobolds
  5 frilled lizards
  2 leopard gecko skeletons
  A quokka skeleton (D:8)
  4 rats
151 creatures vanquished.

Vanquished Creatures (others)
  A leopard gecko (D:4)
  A fungus (D:5)
  7 plants
9 creatures vanquished.

Grand Total: 160 creatures vanquished

Notes
Turn   | Place    | Note
-------+----------+-------------------------------------------
     0 | D:1      | prawnwizard the Demonspawn Gladiator began the quest for the Orb.
     0 | D:1      | Reached XP level 1. HP: 16/16 MP: 1/1
   284 | D:1      | Reached skill level 3 in Long Blades
   284 | D:1      | Gained mutation: You are partially covered in sharp spines. [demonic ancestry]
   284 | D:1      | Reached XP level 2. HP: 19/22 MP: 2/2
  1075 | D:2      | Gained mutation: You are slightly more attuned to the shadows. [demonic ancestry]
  1075 | D:2      | Reached XP level 3. HP: 25/28 MP: 3/3
  1338 | D:2      | Noticed Terence
  1349 | D:2      | Killed Terence
  1675 | D:3      | Gained mutation: You have a pair of small horns on your head. [demonic ancestry]
  1675 | D:3      | Reached XP level 4. HP: 34/34 MP: 4/4
  2189 | D:3      | Reached skill level 4 in Long Blades
  2293 | D:3      | Reached XP level 5. HP: 34/41 MP: 5/5
  2755 | D:4      | Noticed a phantom
  2779 | D:4      | Killed a phantom
  2779 | D:4      | Reached XP level 6. HP: 34/47 MP: 6/6
  2905 | D:4      | Found a shimmering altar of Xom.
  2908 | D:4      | Noticed a sky beast
  2925 | D:4      | Killed a sky beast
  2925 | D:4      | Reached skill level 5 in Long Blades
  3229 | D:4      | Reached XP level 7. HP: 27/54 MP: 7/7
  3672 | D:5      | Entered Level 5 of the Dungeon
  3834 | D:5      | Found a shadowy altar of Dithmenos.
  4071 | D:5      | Found a runed gate.
  4071 | D:5      | Noticed KappaVara's ghost (novice TeFi)
  4072 | D:5      | Found a runed gate.
  4072 | D:5      | Found a runed gate.
  4086 | D:5      | Reached skill level 6 in Long Blades
  4698 | D:6      | Reached skill level 5 in Fighting
  4698 | D:6      | Reached skill level 5 in Dodging
  4698 | D:6      | Gained mutation: You are mostly covered in sharp spines. [demonic ancestry]
  4698 | D:6      | Reached XP level 8. HP: 23/62 MP: 8/8
  5054 | D:6      | Reached skill level 7 in Long Blades
  5228 | D:7      | Found an ornate altar of the Wu Jian Council.
  5874 | D:7      | Found a staircase to the Ecumenical Temple.
  6013 | Temple   | Entered the Ecumenical Temple
  6082 | Temple   | Became a worshipper of Ru the Awakened
  6374 | D:8      | Noticed an ice devil
  6374 | D:8      | Noticed an ice devil
  6376 | D:8      | Noticed an ice devil
  6385 | D:8      | Noticed an ice devil
  6386 | D:8      | Noticed an ice devil
  6522 | D:8      | Noticed an ice devil
  6545 | D:8      | Noticed an ice devil
  6547 | D:8      | Noticed an ice statue
  6562 | D:8      | Reached skill level 8 in Long Blades
  6564 | D:8      | Reached XP level 9. HP: 25/69 MP: 9/9
  6901 | D:8      | Noticed a two-headed ogre
  6912 | D:8      | Killed a two-headed ogre
  6912 | D:8      | Reached skill level 9 in Long Blades
  7261 | D:8      | Found a glowing golden altar of the Shining One.
  7403 | D:9      | Noticed a troll
  7417 | D:9      | Noticed a queen bee
  7421 | D:9      | Slain by a troll

Vault maps used:
D:1:      eino_arrival_water_star
D:2:      uniq_terence
D:4:      serial_forest, infiniplex_forest_clump_small,
          infiniplex_forest_diagonal, infiniplex_forest_zigzag_1,
          infiniplex_forest_zigzag_1, infiniplex_forest_clump_tiny,
          infiniplex_forest_end_1, infiniplex_forest_lined_room_2,
          infiniplex_forest_straight_3, infiniplex_forest_clump_tiny,
          infiniplex_forest_clump_long, st_stairs_5, xom_confusion_cloud
D:5:      first_ration, gammafunk_ghost_nasty_kobolds,
          grunt_dithmenos_smoke_and_mirrors
D:6:      cheibrodos_iron_armory
D:7:      overflow_temple_1_default, minmay_temple_entry_glassed_door
D:8:      cheibrodos_frozen_isle, basic_altar
D:9:      david_nohive_1
Temple:   roderic_octagonal_lattice_temple

Skill      XL: |  1  2  3  4  5  6  7  8  9 |
---------------+----------------------------+-----
Long Blades    | 3 4 5 6 8 9 |  9.7
Dodging        | 3 4 5 6 7 |  7.1
Fighting       | 3 4 5 6 7 |  7.4
Throwing       | |  1.7

Action                   |  1- 3 |  4- 6 |  7- 9 || total
-------------------------+-------+-------+-------++-------
Melee: Long sword        |    60 |     4 |       ||    64
       Falchion          |       |   106 |   225 ||   331
       Headbutt          |       |    31 |    67 ||    98
  Use: Scroll            |       |       |     2 ||     2
 Stab: Sleeping          |     1 |       |    12 ||    13
       Distracted        |       |       |     1 ||     1
  Eat: Chunk             |     2 |     5 |     8 ||    15
       Ration            |       |       |     3 ||     3
Armor: Leather armour    |    11 |       |       ||    11
       Ring mail         |     5 |    36 |    57 ||    98
Dodge: Dodged            |    30 |    65 |   170 ||   265
       Rpst.: Long sword |    15 |     1 |       ||    16
       Falchion          |       |    18 |    56 ||    74

Table legend:
 A = Spawn XP
 B = Non-spawn XP
 C = Spawn XP percentage of total XP
 D = Spawn monster count
 E = Non-spawn monster count
 F = Spawn count percentage of total count
 G = Total turns spent on level
                    A         B        C        D         E        F      G
               +---------+---------+-------+---------+---------+-------+---------
         Total |       0 |    5503 |   0.0 |       0 |     151 |   0.0 |  7421
               +---------+---------+-------+---------+---------+-------+---------
           D:1 |       0 |      20 |   0.0 |       0 |      12 |   0.0 |   863
           D:2 |       0 |      75 |   0.0 |       0 |      14 |   0.0 |  1181
           D:3 |       0 |     169 |   0.0 |       0 |      24 |   0.0 |   633
           D:4 |       0 |     477 |   0.0 |       0 |      18 |   0.0 |   995
           D:5 |       0 |     614 |   0.0 |       0 |      20 |   0.0 |   961
           D:6 |       0 |     383 |   0.0 |       0 |      12 |   0.0 |   595
           D:7 |       0 |     534 |   0.0 |       0 |      14 |   0.0 |   872
           D:8 |       0 |    2658 |   0.0 |       0 |      26 |   0.0 |   942
           D:9 |       0 |     573 |   0.0 |       0 |      11 |   0.0 |   109
               +---------+---------+-------+---------+---------+-------+---------
